 Dungeon Crawl Stone Soup version 0.31-a0-331-geda263fcf1 (webtiles) character file.

Game seed: 12260989686815265443

56654 LeprechaunX the Mimic (level 14, -11/101 HPs)
             Began as an Octopode Shapeshifter on July 19, 2023.
             Was the Champion of Cheibriados.
             Killed by divine providence
             ... invoked by Saint Roka
              (14 damage)
             ... on level 2 of the Orcish Mines.
             The game lasted 00:50:30 (17462 turns).

LeprechaunX the Mimic (Octopode Shapeshifter)      Turns: 17462, Time: 00:50:32

Health: -11/101    AC: 12    Str: 34    XL:     14   Next: 82%
Magic:  0/31       EV: 31    Int: 30    God:    Cheibriados [******]
Gold:   3546       SH:  0    Dex: 28    Spells: 13/13 levels left

rFire   x .          .
                       - Unarmed
rCold   + . .        (shield currently unavailable)
rNeg    + . .        X - +3 hat of Pondering {ponderous, Will+ MP+10 Int+5}
rPois   .            b - amulet of guardian spirit
rElec   .            Y - ring of ice
rCorr   .            q - +4 ring of protection
SInv    .            C - +5 ring of evasion
Will    +++..        I - +5 ring of evasion
Stlth   +++          Z - ring of positive energy
HPRegen 0.36/turn    O - +4 ring of protection
MPRegen 0.22/turn    k - ring of willpower
                     V - +5 ring of evasion

%: guardian spirit
@: blade tentacles, studying Ice Magic, very slow
A: almost no armour, amphibious, 8 rings, camouflage 1, gelatinous body 1,
(nimble swimmer 1), tentacles
a: Begin Untransformation, Renounce Religion, Bend Time, Temporal Distortion,
Slouch, Step From Time


You were on level 2 of the Orcish Mines.
You worshipped Cheibriados.
Cheibriados was exalted by your worship.
You had blades for main tentacles.
You visited 4 branches of the dungeon, and saw 18 of its levels.
You also visited: Bailey and Ice Cave.

You collected 3568 gold pieces.
You spent 22 gold pieces at shops.

Inventory:

Hand Weapons
 a - a +2 arbalest of flaming
Missiles
 M - 4 curare-tipped darts
 S - 2 throwing nets
Armour
 X - the +3 hat of Pondering (worn) {ponderous, Will+ MP+10 Int+5}
   (You took it off Gastronok on level 1 of the Lair of Beasts)

   Int:       It affects your intelligence (+5).
   MP:        It affects your magic capacity (+10).
   Will:      It increases your willpower.
Jewellery
 b - an amulet of guardian spirit (around mantle)
 c - a ring of fire
 f - a +6 ring of intelligence
 k - a ring of willpower (on tentacle)
 q - a +4 ring of protection (right blade tentacle)
 C - a +5 ring of evasion (on tentacle)
 I - a +5 ring of evasion (on tentacle)
 N - a ring of wizardry
 O - a +4 ring of protection (on tentacle)
 V - a +5 ring of evasion (on tentacle)
 Y - a ring of ice (left blade tentacle)
 Z - a ring of positive energy (on tentacle)
Talismans
 w - a blade talisman
 D - a beast talisman
Wands
 y - a wand of mindburst (23)
 E - a wand of roots (31)
 G - a wand of paralysis (20)
 H - a wand of flame (22)
 K - a wand of light (20)
Scrolls
 d - 8 scrolls of teleportation
 e - 2 scrolls of revelation {unknown}
 g - 9 scrolls of fear
 h - 2 scrolls of poison {unknown}
 i - 6 scrolls of fog
 m - 3 scrolls of summoning
 o - 2 scrolls of torment
 p - 2 scrolls of vulnerability
 r - 2 scrolls of blinking
 s - a scroll of silence {unknown}
 v - 3 scrolls of amnesia {unknown}
 x - 2 scrolls of noise {unknown}
 B - 3 scrolls of enchant weapon {unknown}
 L - a scroll of brand weapon {unknown}
 Q - 3 scrolls of enchant armour
Potions
 j - 5 potions of curing
 l - 6 potions of enlightenment
 n - 4 potions of attraction
 t - 4 potions of heal wounds
 u - 2 potions of cancellation
 z - a potion of might
 A - a potion of brilliance
 F - 5 potions of mutation
 J - 3 potions of haste
 P - 2 potions of lignification
 T - a potion of berserk rage
 W - a potion of resistance {unknown}
Miscellaneous
 R - a box of beasts
 U - a phantom mirror (quivered)


   Skills:
 + Level 11.0 Fighting
 - Level 4.0 Short Blades
 - Level 5.5 Maces & Flails
 - Level 2.3 Ranged Weapons
 - Level 4.0 Dodging
 + Level 11.0 Unarmed Combat
 + Level 10.0 Invocations
 + Level 8.5 Evocations
 * Level 13.2 Shapeshifting


You had 13 spell levels left.
You didn't know any spells.
Your spell library contained the following spells:

 Spells                   Type           Power      Damage    Failure   Level
 Apportation              Tloc           0%         N/A       45%         1
 Shock                    Conj/Air       0%         1d3       45%         1
 Sting                    Tmut/Pois      0%         1d3       45%         1
 Poisonous Vapours        Pois/Air       0%         N/A       54%         2
 Portal Projectile        Hex/Tloc       0%         N/A       71%         3
 Swiftness                Air            0%         N/A       71%         3
 Tukima's Dance           Hex            0%         N/A       71%         3
 Airstrike                Air            0%         2d(0-16)  95%         4
 Cause Fear               Hex            0%         N/A       95%         4
 Iskenderun's Mystic Bla  Conj/Tloc      0%         2d3       95%         4
 Olgreb's Toxic Radiance  Pois           0%         N/A       95%         4
 Alistair's Intoxication  Tmut/Pois      0%         N/A       99%         5
 Fireball                 Conj/Fire      0%         3d3       99%         5
 Malign Gateway           Summ/Tloc      0%         N/A       100%        7
 Summon Horrible Things   Summ           0%         N/A       100%        8
 Chain Lightning          Conj/Air       0%         N/A       100%        9
 Dragon's Call            Summ           0%         N/A       100%        9
 Fire Storm               Conj/Fire      0%         5d1       100%        9
 Shatter                  Erth           0%         3d5*      100%        9


Dungeon Overview and Level Annotations

Branches:
Dungeon (10/15)            Temple (0/1) D:7            Lair (5/5) D:10
  Swamp (0/4) Lair:2        Snake (0/4) Lair:3        Slime (1/5) Lair:4
    Orc (2/2) D:10            Elf (0/3) Orc:2        Bailey (visited)
  IceCv (visited)

Altars:
Ashenzari
Cheibriados
Dithmenos
Kikubaaqudgha
Okawaru
Ru
Trog
Xom
Jiyva

Shops:
D:1 =   D:4 !   D:9 ?   D:10 (   Orc:2 *:

Annotations:
Lair:2 1 runed translucent door, Newt's ghost, journeyman BaFi
Orc:1 3 runed translucent doors, Yvaitil's ghost, journeyman DsCK
Orc:2 3 runed translucent doors, Iniera's ghost, journeyman DsBr; LobsterGuardian's ghost, journeyman DsSh; Pokonic1's ghost, journeyman DsBe; Saint Roka; promet's ghost, journeyman DrMo; rabbitsville's ghost, journeyman HOCj


Innate Abilities, Weirdness & Mutations

You have blades for main tentacles.
Your spellcasting is less reliable in this form.
You are incapable of wielding weapons or throwing items.
You cannot wear most types of armour.
You are amphibious.
You can wear up to eight rings at the same time.
Your skin changes colour to match your surroundings (Stealth+).
Your rubbery body absorbs attacks. (AC +1, EV +1)
((You are camouflaged when in or above water. (Stealth+)))
You have tentacles for arms and can constrict up to eight enemies at once.


Message History

You kill the orc warrior!
Cheibriados thoroughly appreciates the change of pace.
The orc warrior completely misses you.
You hit the orc warrior.
You kill the orc warrior!
Cheibriados thoroughly appreciates the change of pace.
The orc warrior completely misses you.
Okay, then.
The orc warrior barely misses you.
You shred the ogre!!!
You kill the ogre!
Cheibriados thoroughly appreciates the change of pace.
The orc warrior no longer looks unusually strong.
The orc warrior completely misses you.
You slice the orc knight!! Your grab misses the orc knight.
You squeeze the orc knight!
The orc knight is heavily wounded.
The orc warrior barely misses you.
The orc knight roars a battlecry!
The orc warrior goes into a battle-frenzy!
You slash the orc knight! Your grab misses the orc knight.
The orc knight is severely wounded.
An orc warrior comes into view. It is wielding a +0 hand axe.
The orc warrior completely misses you.
The orc knight hits you with a +0 war axe!!
* * * LOW HITPOINT WARNING * * *
You slice the orc knight!!
You kill the orc knight!
Cheibriados thoroughly appreciates the change of pace.
The orc warrior misses you.
The orc warrior hits you from afar with a +0 glaive!
* * * LOW HITPOINT WARNING * * *
You slice the orc warrior!!
You kill the orc warrior!
Cheibriados thoroughly appreciates the change of pace.
The orc no longer looks unusually strong.
The orc warrior misses you.
Saint Roka calls down the wrath of Beogh upon you.
Beogh smites you!
You die...

#.........##........##
#....#.#.##.8.8....#.##
##.######.............#
### #...##'''##....##
#..###.))).###..# #.#
#8)..8# ##.# #.
##...#####.# #
#).)#)..#.# +.).o@..#.#
#.oo#...#.# #.8.#####
#.oO# +o.)+ #o)o# #.).#
8...8


You could see Saint Roka, an orc warrior (strong) and an orc.

Vanquished Creatures
  Gastronok (Lair:1)
  A reaper (IceCv)
  An orc warlord (Bailey)
  A fire dragon (Lair:5)
  4 hydras (Lair:4)
  2 boulder beetles
  An orc high priest (Orc:2)
  A spriggan (Lair:4)
  Nergalle (Orc:1)
  2 fire crabs
  A skyshark (Lair:4)
  3 orc knights
  An orc sorcerer (Orc:1)
  An ice statue (IceCv)
  2 slime creatures (D:8)
  2 molten gargoyles (Lair:5)
  4 black mambas
  4 elephants (Lair:4)
  An unseen horror (D:10)
  A rime drake (Lair:4)
  8 cane toads
  11 komodo dragons
  2 anaconda simulacra (IceCv)
  3 ice devils
  A hornet (Lair:4)
  3 trolls
  2 polar bears
  2 tyrant leeches (Lair:2)
  23 blink frogs
  13 dream sheep
  2 wraiths (D:10)
  7 wyverns
  5 basilisks
  2 steam dragons (D:8)
  44 yaks
  A harpy simulacrum (IceCv)
  A swamp worm (Lair:2)
  2 death yak simulacra (IceCv)
  3 wargs (Orc:2)
  An acid dragon (D:10)
  Edmund (D:5)
  3 nagas (Lair:3)
  18 water moccasins
  2 hydra simulacra (IceCv)
  4 hell hounds (Lair:5)
  42 orc warriors
  4 black bears
  2 ice beasts
  A sky beast (D:8)
  7 ogres
  4 centaurs
  19 wolves
  A phantom (D:4)
  10 bullfrogs
  2 kobold brigands
  Blork the orc (D:5)
  4 scorpions
  2 gnoll sergeants
  5 two-headed ogre simulacra (IceCv)
  4 cane toad simulacra (IceCv)
  5 wights (D:9)
  2 elephant simulacra (IceCv)
  26 killer bees
  2 vampire bats (Orc:2)
  3 lava snakes (Lair:5)
  4 hounds
  3 gnoll boudas
  21 orc priests
  6 iguanas
  3 sleepcaps
  23 orc wizards
  6 hell rats (Lair:5)
  A polar bear simulacrum (IceCv)
  9 spriggan simulacra (IceCv)
  6 troll simulacra (IceCv)
  30 gnolls
  4 naga simulacra (IceCv)
  4 adders
  11 white imps
  3 ufetubi
  2 worms
  2 dart slugs (D:1)
  86 orcs
  4 endoplasms
  3 giant cockroaches
  16 goblins
  10 hobgoblins
  10 jackals
  2 quokkas (D:2)
  10 ball pythons
  11 bats
  5 frilled lizards
  19 kobolds
  7 rats
666 creatures vanquished.

Vanquished Creatures (others)
  A gnoll (D:8)
1 creature vanquished.

Grand Total: 667 creatures vanquished

Notes
Turn   | Place    | Note
-------+----------+-------------------------------------------
     0 | D:1      | LeprechaunX the Octopode Shapeshifter began the quest for
                  | the Orb.
     0 | D:1      | Reached XP level 1. HP: 14/14 MP: 1/1
   169 | D:1      | Reached XP level 2. HP: 19/19 MP: 2/2
   248 | D:1      | Found Xada's Jewellery Boutique.
   369 | D:1      | Reached XP level 3. HP: 24/24 MP: 3/3
   793 | D:2      | Found a faded altar of an unknown god.
   810 | D:2      | You fall into a shaft and drop 1 floor!
  1150 | D:3      | Reached XP level 4. HP: 30/30 MP: 4/4
  1513 | D:3      | Found an ancient bone altar of Kikubaaqudgha.
  1980 | D:4      | Noticed a phantom
  1994 | D:4      | Killed a phantom
  1995 | D:4      | Reached skill level 1 in Short Blades
  1995 | D:4      | Reached XP level 5. HP: 33/35 MP: 5/5
  2134 | D:4      | Found Odoegh's Distillery.
  2144 | D:4      | Reached skill level 4 in Shapeshifting
  2187 | D:4      | Reached XP level 6. HP: 41/41 MP: 6/6
  2211 | D:4      | Found a sacrificial altar of Ru.
  2548 | D:5      | Entered Level 5 of the Dungeon
  2548 | D:5      | Noticed Blork the orc
  2656 | D:5      | Killed Blork the orc
  2707 | D:5      | Identified the +4 ring mail of a Million Wonders {rF+}
  2815 | D:5      | Reached XP level 7. HP: 45/46 MP: 7/7
  2998 | D:5      | Reached skill level 5 in Shapeshifting
  3118 | D:5      | Reached XP level 8. HP: 37/54 MP: 8/8
  3538 | D:5      | Noticed Edmund
  3551 | D:5      | Killed Edmund
  4009 | D:6      | Reached skill level 6 in Shapeshifting
  4014 | D:6      | Reached skill level 1 in Maces & Flails
  4022 | D:6      | Reached skill level 5 in Unarmed Combat
  4194 | D:6      | Reached XP level 9. HP: 46/60 MP: 9/9
  4199 | D:6      | Reached skill level 5 in Fighting
  4764 | D:6      | Found a shimmering altar of Xom.
  5222 | D:7      | Found a snail-covered altar of Cheibriados.
  5229 | D:7      | HP: 1/61 [gnoll sergeant/+4 spear (6)]
  5444 | D:7      | Became a worshipper of Cheibriados the Contemplative
  5650 | D:7      | Reached skill level 7 in Shapeshifting
  5655 | D:7      | Reached skill level 1 in Invocations
  5787 | D:7      | Found a bloodstained altar of Trog.
  6281 | D:7      | Found a staircase to the Ecumenical Temple.
  6649 | D:8      | Reached * piety under Cheibriados
  6660 | D:7      | Reached XP level 10. HP: 56/68 MP: 11/11
  7032 | D:8      | Reached skill level 8 in Shapeshifting
  7279 | D:8      | Found an iron altar of Okawaru.
  7366 | D:8      | Reached ** piety under Cheibriados
  7389 | D:8      | Found a broken altar of Ashenzari.
  7827 | D:9      | Found a flagged portal.
  7841 | Bailey   | Entered a bailey
  7861 | Bailey   | Reached skill level 5 in Maces & Flails
  7893 | Bailey   | Reached *** piety under Cheibriados
  7954 | Bailey   | Reached skill level 1 in Ranged Weapons
  7990 | Bailey   | Reached **** piety under Cheibriados
  7993 | Bailey   | Reached XP level 11. HP: 75/75 MP: 14/14
  8066 | Bailey   | Noticed an orc warlord
  8152 | Bailey   | Killed an orc warlord
  8153 | Bailey   | Reached skill level 9 in Shapeshifting
  8374 | Bailey   | Acquired 1263 gold pieces
  8602 | D:9      | Found a shadowy altar of Dithmenos.
  8662 | D:9      | Reached skill level 5 in Invocations
  8746 | D:9      | Found Xatailaw's Magic Scroll Emporium.
  8822 | D:9      | Bought a scroll of identify for 22 gold pieces
  8837 | D:10     | Entered Level 10 of the Dungeon
  8892 | D:10     | Reached ***** piety under Cheibriados
  9109 | D:10     | Found Bedos's Weapon Emporium.
  9119 | D:10     | Found a staircase to the Orcish Mines.
  9119 | D:10     | Noticed an orc knight
  9142 | D:10     | Reached skill level 1 in Evocations
  9147 | D:10     | Killed an orc knight
  9150 | D:10     | HP: 1/75 [yak (11)]
  9704 | D:10     | Found a staircase to the Lair.
 10065 | Lair:1   | Entered Level 1 of the Lair of Beasts
 10317 | Lair:1   | Reached skill level 10 in Shapeshifting
 10317 | Lair:1   | Reached XP level 12. HP: 82/82 MP: 16/16
 10452 | Lair:1   | Noticed Gastronok
 10459 | Lair:1   | Killed Gastronok
 11372 | Lair:2   | Noticed Newt's ghost (journeyman BaFi)
 11373 | Lair:2   | Found a runed translucent door.
 11416 | Lair:2   | Noticed a boulder beetle
 11428 | Lair:2   | Reached ****** piety under Cheibriados
 11441 | Lair:2   | Killed a boulder beetle
 11704 | Lair:2   | Reached skill level 5 in Evocations
 11864 | Lair:2   | Reached skill level 11 in Shapeshifting
 12143 | Lair:2   | Found a staircase to the Swamp.
 12469 | Lair:3   | Reached XP level 13. HP: 90/90 MP: 18/18
 12886 | Lair:3   | Found a staircase to the Snake Pit.
 13374 | Lair:4   | Found a viscous altar of Jiyva.
 13375 | Lair:4   | Found a staircase to the Slime Pits.
 13577 | Lair:4   | Reached skill level 10 in Unarmed Combat
 13582 | Lair:4   | Reached skill level 12 in Shapeshifting
 13592 | Lair:4   | Reached skill level 10 in Fighting
 14141 | Lair:5   | Entered Level 5 of the Lair of Beasts
 14260 | Lair:5   | Found a frozen archway.
 14263 | Lair:5   | Reached XP level 14. HP: 99/99 MP: 20/20
 14274 | IceCv    | Entered an ice cave
 14909 | IceCv    | Noticed a reaper
 14919 | IceCv    | Killed a reaper
 15658 | Lair:5   | Found a large runed translucent door.
 15659 | Lair:5   | Found a large runed translucent door.
 15804 | Lair:5   | Identified the +8 scimitar of Painful Death {antimagic,
                  | rN++ Will-}
 15907 | Slime:1  | Entered Level 1 of the Pits of Slime
 15907 | Slime:1  | Noticed a formless jellyfish
 15907 | Slime:1  | Noticed a formless jellyfish
 16075 | Orc:1    | Entered Level 1 of the Orcish Mines
 16255 | Orc:1    | Noticed Nergalle
 16263 | Orc:1    | Killed Nergalle
 16294 | Orc:1    | Found a runed translucent gate.
 16294 | Orc:1    | Found a runed translucent gate.
 16294 | Orc:1    | Found a runed translucent gate.
 16526 | Orc:1    | Noticed Yvaitil's ghost (journeyman DsCK)
 16548 | Orc:2    | Entered Level 2 of the Orcish Mines
 16700 | Orc:2    | Reached skill level 13 in Shapeshifting
 16804 | Orc:2    | Found a staircase to the Elven Halls.
 17127 | Orc:2    | Found a runed translucent gate.
 17227 | Orc:2    | Found Neusil's Book Emporium.
 17336 | Orc:2    | Reached skill level 10 in Invocations
 17338 | Orc:2    | Found Keamustius's General Store.
 17361 | Orc:2    | Found a runed translucent gate.
 17361 | Orc:2    | Found a runed translucent gate.
 17363 | Orc:2    | Noticed Pokonic1's ghost (journeyman DsBe)
 17363 | Orc:2    | Noticed Iniera's ghost (journeyman DsBr)
 17363 | Orc:2    | Noticed rabbitsville's ghost (journeyman HOCj)
 17363 | Orc:2    | Noticed LobsterGuardian's ghost (journeyman DsSh)
 17364 | Orc:2    | Noticed promet's ghost (journeyman DrMo)
 17444 | Orc:2    | Noticed Saint Roka
 17461 | Orc:2    | HP: 3/101 [orc warrior/+0 glaive[Saint Roka] (12)]
 17462 | Orc:2    | Killed from afar by Saint Roka

Illustrated notes

Levels and vault maps discovered:
D:1:      dpeg_arrival_central, layout_rooms, serial_shops, shop,
          amethyst_killhole
D:2:      layout_rooms, dreamdust_ecumenical_altar_grove,
          hangedman_decor_clover_reticule, minmay_misc_feat_diagonals
D:3:      layout_loops_corners, mainiacjoe_overflow_tiny_flanked
D:4:      layout_cave_pools, nicolae_ru_sacrificial_ziggurat, serial_shops,
          shop, kennysheep_boxes
D:5:      layout_basic, nicolae_nh_ransacked_shop, uniq_edmund,
          uniq_blork_the_orc
D:6:      layout_loops_cross, mainiacjoe_overflow_brackets
D:7:      layout_basic, slow_altar_1, trog_antimagical,
          minmay_temple_entry_fiery
D:8:      layout_rooms, mainiacjoe_overflow_alcove_4,
          kennysheep_okawaru_gauntlet, nicolae_overflow_hidden_temple
D:9:      layout_rooms, nicolae_dithmenos_the_darkroom, enter_bailey_4,
          serial_shops, shop, eino_jars
D:10:     layout_basic, david_lair_shrubbed, orc_david_3
Lair:1:   layout_roguey, serial_forest, infiniplex_forest_clump_double,
          infiniplex_forest_clump_small, infiniplex_forest_lined_corner,
          infiniplex_forest_join, infiniplex_forest_clump_small,
          infiniplex_forest_split, infiniplex_forest_clump_tiny,
          grunt_megastairs_2, uniq_gastronok
Lair:2:   layout_cave_pods, minmay_swamp_entry_worms,
          hellmonk_ghost_happy_afterlife, grunt_megastairs_3
Lair:3:   layout_chaotic_city, minmay_snake_entry_guardpost_medium,
          lemuel_fruit_fields
Lair:4:   layout_big_grid, slime_entry_1, grunt_forest_large_clearings
Lair:5:   cheibrodos_lair_end_hotspot, layout_misc_corridors,
          portal_ice_cave_demonic_guard, nicolae_lair_time_for_slime
Slime:1:  layout_caves
Orc:1:    layout_diamond_mine, ebering_ghost_rock_garden, uniq_nergalle
Orc:2:    grunt_orc_community_town_hall, layout_diamond_mine,
          grunt_orc_community_big_house_1, grunt_orc_community_big_house_2,
          grunt_orc_community_house_2, grunt_orc_community_house_3,
          grunt_orc_community_house_3, grunt_orc_community_house_3,
          grunt_orc_community_house_1, grunt_orc_community_house_3,
          gammafunk_ghost_cemetery, basic_altar, roderic_batcave

Skill      XL: |  1  2  3  4  5  6  7  8  9 10 11 12 13 14 |
---------------+-------------------------------------------+-----
Short Blades   | 1 2 3 4 |  4.0
Unarmed Combat | 3 4 5 6 7 8 9 10 11 | 11.0
Shapeshifting  | 4 5 6 7 8 10 11 12 13 | 13.2
Dodging        | 3 4 |  4.0
Fighting       | 3 4 6 7 8 9 10 11 | 11.0
Maces & Flails | 1 3 5 |  5.5
Invocations    | 2 4 6 7 9 10 | 10.0
Ranged Weapons | 1 2 |  2.3
Evocations     | 3 5 7 8 |  8.5

Action                     |  1- 3 |  4- 6 |  7- 9 | 10-12 | 13-15 || total
---------------------------+-------+-------+-------+-------+-------++-------
  Melee: Unarmed           |    51 |       |       |   256 |   583 ||   890
         Constrict         |    23 |    19 |    62 |    77 |   118 ||   299
         Tentacles         |    13 |    14 |    68 |   117 |   131 ||   343
         Dagger            |    23 |    81 |   244 |       |       ||   348
         Punch             |       |     2 |     9 |    31 |    50 ||    92
         Flail             |       |       |       |   175 |       ||   175
  Throw: Dart              |       |       |     5 |     1 |       ||     6
 Invoke: Slouch            |       |       |       |       |     1 ||     1
    Use: Scroll            |       |       |       |     9 |    11 ||    20
         Potion            |       |       |       |     1 |     1 ||     2
   Stab: Sleeping          |     7 |     5 |     5 |     5 |    10 ||    32
         Distracted        |       |     1 |       |     2 |     3 ||     6
 Armour: Skin              |     9 |    13 |    31 |    55 |    65 ||   173
  Dodge: Dodged            |    44 |    50 |   151 |   486 |   781 ||  1512
   Form: Blade             |       |       |       |     1 |     1 ||     2
         Beast             |       |       |       |       |     1 ||     1

Table legend: (Time is in decaauts)
 A = Elapsed time spent in this place.
 B = Non-inter-level travel time spent in this place.
 C = Inter-level travel time spent in this place.
 D = Time resting spent in this place.
 E = Time spent auto-exploring this place.
 F = Levels seen in this place.
 G = Mean time per level.
                   A        B        C        D        E       F      G
               +--------+--------+--------+--------+--------+-----+--------+
         Total |  24093 |  22155 |   1938 |   1560 |  15825 |  20 | 1204.7 |
       Dungeon |  11305 |  10017 |   1288 |    887 |   7291 |  10 | 1130.5 |
          Lair |   8046 |   7471 |    575 |    387 |   5492 |   5 | 1609.2 |
    Slime Pits |      2 |      2 |      0 |      0 |      0 |   1 |    2.0 |
  Orcish Mines |   2394 |   2321 |     73 |      0 |   1839 |   2 | 1197.0 |
        Bailey |    821 |    821 |      0 |      0 |    352 |   1 |  821.0 |
      Ice Cave |   1522 |   1522 |      0 |    286 |    849 |   1 | 1522.0 |
               +--------+--------+--------+--------+--------+-----+--------+

Top non-repeatable levels by time:
    D:10: 2204 daAuts
  Lair:2: 2006 daAuts
  Lair:1: 1894 daAuts
  Lair:3: 1721 daAuts
     D:7: 1720 daAuts
   Orc:2: 1550 daAuts
   IceCv: 1522 daAuts
  Lair:4: 1315 daAuts
     D:6: 1256 daAuts
     D:5: 1251 daAuts
     D:8: 1198 daAuts
  Lair:5: 1109 daAuts
     D:9: 1037 daAuts
   Orc:1: 844 daAuts
  Bailey: 821 daAuts
